 Dungeon Crawl Stone Soup version 0.27.1-15-g792fb953b9 (webtiles) character file.

Game seed: 1826096419800140940

37 spaced the Bolt Thrower (level 3, -6/27 HPs)
             Began as a Human Hunter on Nov 21, 2021.
             Mangled by an ogre (17 damage)
             ... on level 2 of the Dungeon.
             The game lasted 00:09:10 (1205 turns).

spaced the Bolt Thrower (Human Hunter)              Turns: 1205, Time: 00:09:11

Health: -6/27      AC:  3    Str: 12    XL:     3   Next: 62%
Magic:  3/3        EV: 16    Int: 11    God:
Gold:   71         SH:  0    Dex: 14    Spells: 2/2 levels left

rFire    + . .     SeeInvis .   a - +1 hand crossbow
rCold    x . .     Faith    .   (no shield)
rNeg     . . .     Spirit   .   c - +0 leather armour
rPois    .         Reflect  .   (no helmet)
rElec    .         Harm     .   (no cloak)
rCorr    .         Rampage  .   (no gloves)
Will     .....                  (no boots)
Stlth    +.........             (no amulet)
HPRegen  0.09/turn              k - +4 ring of evasion
MPRegen  0.08/turn              b - ring of fire

@: no status effects
A: no striking features
a: no special abilities


You were on level 2 of the Dungeon.
You visited 1 branch of the dungeon, and saw 2 of its levels.

You collected 71 gold pieces.

Inventory:

Hand Weapons
 a - a +1 hand crossbow (weapon)
 g - a +2 short sword of venom
 i - a +1 short sword of speed
Missiles
 d - 7 bolts (quivered ammo)
 h - 6 curare-tipped darts
Armour
 c - a +0 leather armour (worn)
Jewellery
 b - a ring of fire (right hand)
 k - a +4 ring of evasion (left hand)
Scrolls
 j - a scroll of identify {unknown}
Potions
 f - a potion of heal wounds {unknown}
 l - a potion of might {unknown}


   Skills:
 + Level 2.0 Fighting
 + Level 0.4 Short Blades
 + Level 4.9 Crossbows
 + Level 0.4 Armour
 + Level 2.1 Dodging
 + Level 1.0 Stealth


You had 2 spell levels left.
You didn't know any spells.
Your spell library contained the following spells:

 Spells                   Type           Power      Damage    Failure   Level
 Summon Forest            Summ/Tloc      0%         N/A       100%        5
 Eringya's Noxious Bog    Tmut/Pois      0%         N/A       100%        6
 Summon Hydra             Summ           0%         N/A       100%        7


Dungeon Overview and Level Annotations

Branches:
Dungeon (2/15)

Altars:


Message History

Fire: 11 bolts
Press: ? - help, Q - select action, (/) - cycle Shift-Dir - straight line, f - ogre, p - hobgoblin
Aim: an ogre, wielding a +0 giant club (79% to hit)
You shoot a bolt. The bolt barely misses the hobgoblin.
The bolt hits the ogre!
The ogre is heavily wounded.
The hobgoblin misses you.
A hobgoblin comes into view.
The hobgoblin hits you.
Fire: 10 bolts
Press: ? - help, Q - select action, (/) - cycle Shift-Dir - straight line, f/p - ogre
Aim: an ogre, wielding a +0 giant club (heavily wounded, 79% to hit)
You shoot a bolt. The bolt hits the hobgoblin!
You kill the hobgoblin!
Fire: 9 bolts
Press: ? - help, Q - select action, (/) - cycle Shift-Dir - straight line, f/p - ogre
Aim: an ogre, wielding a +0 giant club (heavily wounded, 79% to hit)
You shoot a bolt.
The bolt hits the ogre but does no damage.
The ogre is heavily wounded.
A dart slug comes into view.
The ogre hits you with a +0 giant club!!
Ouch! That really hurt!
* * * LOW HITPOINT WARNING * * *
An endoplasm comes into view.
The endoplasm quivers.
Fire: 8 bolts
Press: ? - help, Q - select action, (/) - cycle Shift-Dir - straight line, f/p - ogre
Aim: an ogre, wielding a +0 giant club (heavily wounded, 79% to hit)
You shoot a bolt.
The bolt hits the ogre but does no damage.
The ogre is heavily wounded.
The ogre completely misses you.
Unknown command.
The ogre closely misses you.
You see here 21 stones.
There is a stone staircase leading down here.
It was a potion of curing.
You feel better. The ogre hits you with a +0 giant club!
Ouch! That really hurt!
You die...

# #.# ##.# ##...##...##### #
#.######..#####..............
#####............#...............
.......#####.###.#.............##
#####.## ##..###.#...........# .#
### #.# #..................# .(.
..# #.####.........#...(#..##g.$.
#.# #..............##gB###.#(Bw.?
#.###..##.......@..##.## #.g#
...##.##..#####.#O.##.# ##.#
#.....##.## #..#.##.# ..#
##.#..#..# ##.#.gB.# #..#
##.......# #..##..# #...
###..###.## #.......# .###
.#....##.<# ######..# .#
....#.##### ##>. ....#.# #...


You could see an ogre, a giant cockroach and a goblin.

Vanquished Creatures
  4 endoplasms
  2 giant cockroaches
  6 goblins
  3 hobgoblins
  3 kobolds (D:1)
  2 quokkas (D:2)
  4 ball pythons
  4 bats
  3 frilled lizards (D:1)
  4 rats
35 creatures vanquished.

Notes
Turn   | Place    | Note
-------+----------+-------------------------------------------
     0 | D:1      | spaced the Human Hunter began the quest for the Orb.
     0 | D:1      | Reached XP level 1. HP: 16/16 MP: 1/1
   103 | D:1      | Reached XP level 2. HP: 22/22 MP: 2/2
   543 | D:1      | Reached XP level 3. HP: 25/27 MP: 3/3
  1185 | D:2      | Noticed an ogre
  1190 | D:2      | HP: 1/27 [ogre (25)]
  1205 | D:2      | Mangled by an ogre

Illustrated notes

Levels and vault maps discovered:
D:1:      lightli_arrival_isolated_outpost, layout_basic,
          corexii_leaking_fountain, chequers_serial_rivers_small_3
D:2:      layout_rooms, kennysheep_donut, minmay_heptomino_w4

Action                   || total
-------------------------++-------
Melee: Short sword       ||    24
 Fire: Hand crossbow     ||    48
Throw: Dart              ||     1
  Use: Potion            ||     1
Armor: Leather armour    ||    10
Dodge: Dodged            ||    18
